 Dungeon Crawl Stone Soup version 0.22-a0-161-g198051c (webtiles) character file.

55 vishdafish the Charmwright (level 3, 0/28 HPs)
             Began as a Demonspawn Skald on Feb 11, 2018.
             Slain by a hound (1 damage)
             ... on level 2 of the Dungeon.
             The game lasted 00:04:03 (2035 turns).

vishdafish the Charmwright (Demonspawn Skald)       Turns: 2035, Time: 00:04:03

Health: 0/28       AC:  4    Str: 11    XL:     3   Next: 67%
Magic:  0/6        EV: 12    Int: 15    God:
Gold:   109        SH:  0    Dex: 12    Spells: 5/6 levels left

rFire    . . .     SeeInvis .   a - +0 falchion
rCold    . . .     Gourm    .   (no shield)
rNeg     . . .     Faith    .   b - +0 leather armour
rPois    .         Spirit   +   (no helmet)
rElec    .         Reflect  .   p - +0 cloak
rCorr    .         Harm     .   (no gloves)
MR       .....                  (no boots)
Stlth    ++........             g - amulet of guardian spirit
HPRegen  0.09/turn              j - ring of stealth
MPRegen  0.10/turn              (no ring)

@: no status effects
A: powered by pain 1
a: no special abilities


You were on level 2 of the Dungeon.
You were not hungry.

You visited 1 branch of the dungeon, and saw 2 of its levels.

You collected 109 gold pieces.

Inventory:

Hand Weapons
 a - a +0 falchion (weapon)
Armour
 b - a +0 leather armour (worn)
 p - a +0 cloak (worn)
Jewellery
 g - an amulet of guardian spirit (around neck)
 j - a ring of stealth (left hand)
 m - a +3 ring of dexterity {unknown}
Scrolls
 f - a scroll of teleportation {unknown}
 h - a scroll of remove curse
 i - 2 scrolls of identify {unknown}
Potions
 e - a potion of resistance {unknown}
 k - 2 potions of invisibility {unknown}
 l - a potion of ambrosia {unknown}
 n - a potion of curing {unknown}
 o - a potion of flight {unknown}
 r - a potion of lignification {unknown}
Books
 c - a book of Battle

   Spells                             Type                      Level
   a - Infusion                       Charms                       1
   b - Shroud of Golubria             Charms/Translocation         2
   c - Song of Slaying                Charms                       2
   d - Spectral Weapon                Hexes/Charms                 3
   e - Regeneration                   Charms/Necromancy            3
Comestibles
 d - 5 rations


   Skills:
 + Level 2.3 Fighting
 + Level 2.5 Long Blades
 + Level 1.2 Armour
 + Level 2.0 Dodging
 + Level 0.2 Stealth
 + Level 2.1 Spellcasting
 + Level 3.1 Charms


You had 5 spell levels left.
You knew the following spells:

 Your Spells              Type           Power        Failure   Level  Hunger
a - Infusion              Chrm           ##..         8%          1    #......


Dungeon Overview and Level Annotations

Branches:
Dungeon (2/15)

Altars:
Qazlal


Innate Abilities, Weirdness & Mutations

You sometimes gain a little power by taking damage.


Message History

You are too injured to fight recklessly!
You are too injured to fight recklessly!
You are too injured to fight recklessly!
You are too injured to fight recklessly!
You are too injured to fight recklessly!
You barely miss the hound.
The hound is almost dead.
The hound bites you.
* * * LOW HITPOINT WARNING * * *
The hound bites you but does no damage.
You closely miss the hound.
The hound is almost dead.
The hound bites you.
* * * LOW HITPOINT WARNING * * *
The hound bites you.
* * * LOW HITPOINT WARNING * * *
You closely miss the hound.
The hound is almost dead.
The hound bites you.
You die...

#. . .# .# .. #####
.. #. ##...#.## #.
######## #....... #.
#......#
##....############.
##......##
#...####...#......#
.'.......#
#.@#....>....#.....
##.......##
#.h###........#.....
#........##...#
#..))....##...#
#.........##.#
######.........
#..........##
###.#...##
#########.##
#.#..... #.#
##########.#.####
##'####
#........#......# #
#.....#
#.######.#.###.##


You could see a hound.

Vanquished Creatures
  An ooze (D:1)
  A leopard gecko (D:2)
  5 giant cockroaches
  7 goblins
  10 hobgoblins
  4 jackals (D:1)
  6 bats
  3 frilled lizards (D:1)
  2 kobolds
  4 rats (D:1)
43 creatures vanquished.

Notes
Turn   | Place    | Note
-------+----------+-------------------------------------------
     0 | D:1      | vishdafish the Demonspawn Skald began the quest for the Orb.
     0 | D:1      | Reached XP level 1. HP: 16/16 MP: 3/3
     3 | D:1      | Noticed a black mamba
    39 | D:1      | Gained mutation: You sometimes gain a little power by taking damage. [demonic ancestry]
    39 | D:1      | Reached XP level 2. HP: 13/22 MP: 0/5
    43 | D:1      | Reached skill level 3 in Charms
    98 | D:1      | Noticed an elephant
   729 | D:1      | Reached skill level 1 in Armour
   729 | D:1      | Reached XP level 3. HP: 25/27 MP: 6/6
  1374 | D:2      | Found a stormy altar of Qazlal.
  2034 | D:2      | HP: 1/28 [hound (4)]
  2035 | D:2      | Slain by a hound

Vault maps used:
D:1:      sevenhm_arrival_forest_fort_small_2
D:2:      nicolae_qazlal_general_emergency, makhleb_blood_cavern_becter

Skill      XL: |  1  2 |
---------------+-------+-----
Charms         | 3 |  3.1
Long Blades    | 2 |  2.5
Dodging        | 2 |  2.0
Armour         | 1 |  1.2
Fighting       | |  2.3
Stealth        | |  0.2
Spellcasting   | |  2.1

Action                   || total
-------------------------++-------
Melee: Falchion          ||   129
 Cast: Infusion          ||     5
  Use: Scroll            ||     1
 Stab: Sleeping          ||     4
  Eat: Chunk             ||     4
Armor: Leather armour    ||    38
Dodge: Dodged            ||    99
       Rpst.: Falchion   ||    37

Table legend:
 A = Spawn XP
 B = Non-spawn XP
 C = Spawn XP percentage of total XP
 D = Spawn monster count
 E = Non-spawn monster count
 F = Spawn count percentage of total count
 G = Total turns spent on level
                    A         B        C        D         E        F      G
               +---------+---------+-------+---------+---------+-------+---------
         Total |       0 |      79 |   0.0 |       0 |      43 |   0.0 |  2035
               +---------+---------+-------+---------+---------+-------+---------
           D:1 |       0 |      56 |   0.0 |       0 |      31 |   0.0 |  1365
           D:2 |       0 |      23 |   0.0 |       0 |      12 |   0.0 |   670
               +---------+---------+-------+---------+---------+-------+---------
